 Dungeon Crawl Stone Soup version 0.21.1-1-g345015f (webtiles) character file.

4713 jamsan the Markscentaur (level 10, -5/120 HPs)
             Began as a Centaur Hunter on June 14, 2018.
             Was a Priest of Okawaru.
             Killed from afar by a wizard (29 damage)
             ... with a stone arrow
             ... on level 7 of the Dungeon.
             The game lasted 01:31:23 (13950 turns).

jamsan the Markscentaur (Centaur Hunter)           Turns: 13950, Time: 01:31:25

Health: -5/120     AC: 25    Str: 19    XL:     10   Next: 22%
Magic:  11/11      EV:  1    Int:  7    God:    Okawaru [***...]
Gold:   425        SH:  0    Dex: 13    Spells: 9/9 levels left

rFire    + . .     SeeInvis .   q - +0 shortbow (freeze)
rCold    . . .     Gourm    .   (shield currently unavailable)
rNeg     + + +     Faith    .   (armour currently unavailable)
rPois    +         Spirit   .   (helmet currently unavailable)
rElec    .         Reflect  .   (cloak currently unavailable)
rCorr    .         Harm     .   (gloves currently unavailable)
MR       ++...     NoTele   +   (no barding)
Stlth    +.........             s - amulet "Alyusix" {*Contam rN+ MR++ Regen+ Str+4 Int-3}
HPRegen  0.70/turn              h - ring of positive energy
MPRegen  0.12/turn              G - ring of protection from fire

@: confused, tree-form, berserk cooldown, slowed, very slow
A: large
a: Heroism, Renounce Religion


You were on level 7 of the Dungeon.
You worshipped Okawaru.
Okawaru was most pleased with you.
You were not hungry.
You were a tree.
You visited 2 branches of the dungeon, and saw 11 of its levels.

You collected 425 gold pieces.

Inventory:

Hand Weapons
 a - a +2 shortbow
 b - a +0 short sword
 q - a +0 shortbow of freezing (weapon)
Armour
 c - a +1 leather armour (melded)
Jewellery
 e - an uncursed amulet of the gourmand
 h - a ring of positive energy (left branch)
 m - a +2 amulet of reflection
 r - an uncursed ring of flight
 s - the amulet "Alyusix" (around neck) {*Contam rN+ MR++ Regen+ Str+4 Int-3}
   (You took it off an orc priest on level 6 of the Dungeon)

   [amulet of regeneration]

   It affects your strength (+4).
   It affects your intelligence (-3).
   It protects you from negative energy.
   It affects your resistance to hostile enchantments.
   It causes magical contamination when unequipped.
   It increases your rate of regeneration.
 v - an uncursed ring of resist corrosion
 G - a ring of protection from fire (right branch)
Wands
 p - a wand of polymorph (18)
 A - a wand of flame (25)
 B - a wand of acid (1)
 E - a wand of digging (12)
Scrolls
 l - 2 scrolls of remove curse
 o - 5 scrolls of identify
Potions
 g - 4 potions of brilliance
 j - 2 potions of might
 n - a potion of lignification
 w - a potion of flight
 H - a potion of mutation
Comestibles
 f - 3 rations
 i - 4 chunks of flesh


   Skills:
 + Level 4.8 Fighting
 * Level 17.2 Bows
 - Level 2.0 Armour
 - Level 2.0 Dodging
 - Level 0.4 Stealth
 - Level 2.0 Invocations


You had 9 spell levels left.
You didn't know any spells.

Dungeon Overview and Level Annotations

Branches:
Dungeon (10/15)            Temple (1/1) D:6
   Lair: D:8-11         Orc: D:9-12

Altars:
Cheibriados
Elyvilon
Fedhas
Gozag
Hepliaklqana
Kikubaaqudgha
Makhleb
Okawaru
Qazlal
Ru
Sif Muna
Trog
Uskayaw
Vehumet
Wu Jian
Xom
Yredelemnul

Shops:
D:9 %

Annotations:
D:6 Ratmanking's ghost, novice NaWz
D:7 exclusion: upstairs
D:8 HelloWorld's ghost, novice TrBe
D:9 exclusion: downstairs, Ethylacetat's ghost, novice DsFi; Pikel
D:10 Urug


Innate Abilities, Weirdness & Mutations

((You have hooves in place of feet.))
((Armour fits poorly on your strangely shaped body.))
((You cover ground very quickly.))
((You have extremely tough skin. (AC +3)))


Message History

The scroll dissolves into smoke.
It was a scroll of fog.
Something hits you but does no damage. x2
You cannot move.
As you read the scroll labeled TIMARGH METEILE, it crumbles to dust.
You hear a loud clanging noise!
It was a scroll of noise.
You hear a shout! x2; You hear some strange, mumbled words.
A bolt of lightning appears from out of thin air!
Helpless, you fail to dodge the bolt of lightning.
* * * LOW HITPOINT WARNING * * *
You cannot move.
You feel better.
Something hits you but does no damage. x2
Unknown command.
It was a potion of ambrosia.
You are confused.
You feel invigorated.
You hear some strange, mumbled words.
A stone arrow appears from out of thin air!
The stone arrow hits you!
You die...

....∩,,,,,,,,,,,,*,,,,,**,*
#.#
*.z#####**********,*,,,,,,*
#.# ##z....# *,,,,,*
*,###########.# ..>....#
*,***,* *,#.c((...c.(.#
.#..c..#**,*,,,*
*,#.###########
,#.....#,,,,,*****,#.#
,#######,.,,,,,,,,,#.# ,*
****,....#######(# ,*
*,,,,....(r{♣§§)(#
*****,,,,...##########
,,,**,,,,,*********
≈≈,,*,,,,,,,,,,,,,*
*≈≈,***,,,,,,,,,,,*
**≈,***,,,,,,,,,,,*
,*≈,,,,,,,,,,,,,,,*
,,≈,,**,,,,,,,,,,,*
,*≈,***************


You could see a quokka.

Vanquished Creatures
  A hippogriff (D:9)
  A wraith (D:8)
  A human (D:10)
  3 yaks
  Grum (D:8)
  A steam dragon (D:7)
  A hungry ghost (D:8)
  A water moccasin (D:9)
  2 orc warriors
  2 slaves (D:8)
  A phantom (D:4)
  An ice beast (D:6)
  3 ogres
  2 wolves
  6 centaurs
  Blork the orc (D:6)
  2 bullfrogs
  3 scorpions
  A wight (D:7)
  A howler monkey (D:5)
  7 electric eels (D:9)
  5 bullfrog skeletons
  2 jellies
  5 orc priests
  2 centaur skeletons
  2 hounds (D:10)
  8 orc wizards
  Jessica (D:3)
  Ijyb (D:4)
  An iguana (D:10)
  Natasha (thrice) (D:3 D:4)
  7 worker ants
  A hound skeleton (D:4)
  A worker ant zombie (D:9)
  7 gnolls
  17 adders
  An ooze (D:3)
  An adder skeleton (D:5)
  3 worms
  3 leopard geckos
  27 orcs
  A giant cockroach (D:2)
  13 goblins
  5 hobgoblins (D:1)
  9 jackals
  10 kobolds
  2 quokkas (D:9)
  A ball python (D:2)
  5 bats
  5 frilled lizards
  A giant cockroach zombie (D:6)
  A leopard gecko skeleton (D:5)
  A quokka zombie (D:6)
  3 rats
197 creatures vanquished.

Notes
Turn   | Place    | Note
-------+----------+-------------------------------------------
     0 | D:1      | jamsan the Centaur Hunter began the quest for the Orb.
     0 | D:1      | Reached XP level 1. HP: 17/17 MP: 1/1
   217 | D:1      | Reached XP level 2. HP: 24/24 MP: 2/2
   409 | D:1      | Reached skill level 6 in Bows
   851 | D:2      | Reached XP level 3. HP: 24/30 MP: 3/3
   995 | D:2      | Found a bloodstained altar of Trog.
  1071 | D:2      | Reached XP level 4. HP: 37/37 MP: 4/4
  1291 | D:2      | Reached skill level 7 in Bows
  1670 | D:3      | Noticed Jessica
  1672 | D:3      | Killed Jessica
  1720 | D:3      | Reached XP level 5. HP: 44/44 MP: 5/5
  1786 | D:3      | Noticed Natasha
  1793 | D:3      | Killed Natasha
  1793 | D:3      | Reached skill level 8 in Bows
  1947 | D:3      | Found a faded altar of an unknown god.
  2222 | D:3      | Found a glowing drain.
  2572 | D:4      | Noticed a hornet
  3989 | D:3      | Reached skill level 9 in Bows
  4122 | D:4      | Noticed Natasha
  4127 | D:4      | Killed Natasha
  4127 | D:4      | Reached XP level 6. HP: 30/50 MP: 6/6
  4306 | D:5      | Entered Level 5 of the Dungeon
  4344 | D:4      | Noticed Natasha
  4487 | D:5      | Reached skill level 10 in Bows
  4727 | D:5      | Reached XP level 7. HP: 51/56 MP: 7/7
  4886 | D:6      | Noticed Blork the orc
  4966 | D:5      | Reached skill level 11 in Bows
  5474 | D:6      | Noticed Ratmanking's ghost (novice NaWz)
  5970 | D:5      | Reached skill level 12 in Bows
  6125 | D:6      | HP: 1/56 [orc priest/divine providence (11)]
  6887 | D:6      | Killed Blork the orc
  6887 | D:6      | Reached XP level 8. HP: 54/62 MP: 8/8
  7151 | D:6      | Found a staircase to the Ecumenical Temple.
  7610 | D:6      | Got a scorched tin amulet
  7681 | D:7      | Reached skill level 1 in Armour
  7964 | D:7      | Noticed an orc sorcerer
  7965 | D:7      | Noticed a wizard
  8510 | D:4      | Reached skill level 13 in Bows
  8531 | D:4      | Killed Natasha
  8789 | D:4      | Noticed Ijyb
  8803 | D:4      | Killed Ijyb
  9207 | D:4      | Paralysed by a hornet for 1 turns
  9210 | D:4      | Paralysed by a hornet for 1 turns
  9460 | Temple   | Entered the Ecumenical Temple
  9551 | Temple   | Became a worshipper of Warmaster Okawaru
 10222 | D:8      | Noticed a two-headed ogre
 10432 | D:10     | Entered Level 10 of the Dungeon
 10637 | D:9      | Reached skill level 14 in Bows
 10637 | D:9      | Reached XP level 9. HP: 71/71 MP: 9/9
 10764 | D:9      | Reached * piety under Okawaru
 11102 | D:9      | Identified the amulet "Alyusix" {*Contam rN+ MR++ Regen+ Str+4 Int-3} (You took it off an orc priest on level 6 of the Dungeon)
 11177 | D:9      | Reached skill level 15 in Bows
 11369 | D:9      | Reached ** piety under Okawaru
 11581 | D:9      | Found a deep blue altar of Sif Muna.
 11640 | D:9      | Found Teovut's Food Shoppe.
 11660 | D:9      | Noticed Ethylacetat's ghost (novice DsFi)
 11671 | D:8      | Noticed Grum
 12002 | D:7      | Found a shimmering altar of Xom.
 12021 | D:7      | Found an opulent altar of Gozag.
 12148 | D:8      | Noticed HelloWorld's ghost (novice TrBe)
 12303 | D:8      | Reached skill level 16 in Bows
 12408 | D:8      | Killed Grum
 12752 | D:10     | Noticed a deep elf mage
 12873 | D:9      | Reached skill level 1 in Invocations
 12873 | D:9      | Reached XP level 10. HP: 59/79 MP: 10/10
 12919 | D:9      | Reached *** piety under Okawaru
 13020 | D:10     | Reached skill level 17 in Bows
 13068 | D:10     | Noticed Urug
 13602 | D:8      | Noticed Pikel
 13948 | D:7      | HP: 5/120 [something/bolt of lightning (24)]
 13950 | D:7      | Killed from afar by a wizard

Skill      XL: |  1  2  3  4  5  6  7  8  9 10 |
---------------+-------------------------------+-----
Bows           | 6 7 9 10 12 14 16 17 | 17.2
Fighting       | 4 |  4.8
Armour         | 2 |  2.0
Dodging        | 2 |  2.0
Invocations    | 1 2 |  2.0
Stealth        | |  0.4

Action                   |  1- 3 |  4- 6 |  7- 9 | 10-12 || total
-------------------------+-------+-------+-------+-------++-------
 Fire: Shortbow          |   111 |   222 |   553 |   103 ||   989
Invok: Heroism           |       |       |     1 |       ||     1
Evoke: Wand              |       |       |    16 |     2 ||    18
  Use: Potion            |       |     4 |     2 |     7 ||    13
       Scroll            |       |     3 |    12 |     5 ||    20
  Eat: Ration            |       |     3 |     7 |       ||    10
       Chunk             |       |       |     2 |       ||     2
Armor: Leather armour    |    17 |    12 |    47 |     7 ||    83
       Skin              |       |       |       |     5 ||     5
Dodge: Dodged            |    20 |    29 |    81 |    23 ||   153
Block: Other             |       |       |    10 |       ||    10
